 Dungeon Crawl Stone Soup version 0.20-a0-1000-g0e8f6bb (webtiles) character file.

369 puppykicker the Grave Robber (level 6, 0/52 HPs)
             Began as a Minotaur Necromancer on Apr 12, 2017.
             Was a Believer of Ru.
             Slain by drock42's ghost (10 damage)
             ... in a sewer.
             The game lasted 00:16:45 (4686 turns).

puppykicker the Grave Robber (Minotaur Necromancer) Turns: 4686, Time: 00:16:45

Health: 0/52       AC:  2    Str: 18    XL:     6   Next: 41%
Magic:  8/8        EV: 13    Int: 14    God:    Ru [**....]
Gold:   243        SH:  0    Dex: 15    Spells: 0/9 levels left

rFire    . . .     SeeInvis .   r - -1 fustibalus (curse)
rCold    . . .     Gourm    .   (no shield)
rNeg     . . .     Faith    .   f - +0 robe
rPois    .         Spirit   .   (helmet restricted)
rElec    .         Reflect  .   (no cloak)
rCorr    .         Harm     .   (no gloves)
MR       .....                  (no boots)
Stlth    ++........             (no amulet)
Regen    0.2/turn               g - +5 ring of dexterity
MPRegen  0.2/turn               (no ring)

@: mighty
A: retaliatory headbutt, horns 2, inability to use devices
a: Sacrifice Nimbleness, Sacrifice Durability, Sacrifice a Hand, Reject
Sacrifices, Renounce Religion


You were in a sewer.
You worshipped Ru.
Ru was pleased with you.
You were not hungry.

You visited 1 branch of the dungeon, and saw 4 of its levels.
You also visited: Sewer.

You collected 243 gold pieces.


Innate Abilities, Weirdness & Mutations

You reflexively headbutt those who attack you in melee.
You have a pair of horns on your head.
You cannot study or use magical devices.


   Skills:
 + Level 4.1 Fighting
 + Level 1.5 Slings
 - Level 2.1 Dodging
 - Level 1.5 Stealth
 + Level 2.2 Spellcasting
 * Level 4.5 Necromancy


You couldn't memorise any spells.
You knew the following spells:

 Your Spells              Type           Power        Failure   Level  Hunger
a - Pain                  Necr           ##..         3%          1    #......
b - Control Undead        Necr           ##........   38%         4    #####..
c - Vampiric Draining     Necr           ##........   12%         3    ###....
z - Animate Skeleton      Necr           N/A          3%          1    #......

Inventory:

Hand Weapons
 a - a +1 long sword
 b - a +1 dagger of protection
 l - a +0 blowgun
 q - a +0 battleaxe
 r - a cursed -1 fustibalus (weapon)
Missiles
 d - 6 needles of confusion
 m - 21 stones (quivered)
 o - 47 poisoned needles
Armour
 f - a +0 robe (worn)
Jewellery
 g - a +5 ring of dexterity (left hand)
Scrolls
 i - a scroll of teleportation
Potions
 e - a potion of heal wounds
 h - a potion of haste
 k - a potion of brilliance
 s - 5 potions of curing
 t - a potion of cancellation
Books
 u - a book of Necromancy
 v - a book of Changes
Comestibles
 c - a bread ration
 n - 4 fruits
 p - 4 chunks of flesh {@w1}

Dungeon Overview and Level Annotations

Branches:
Dungeon (4/15)
 Temple: D:4-7

Altars:
Ashenzari
Dithmenos
Ru
Sif Muna

Annotations:
Sewer drock42's ghost, amateur OgFi

##....P≈P#(≈≈#......#
#.....≈≈#(≈≈#≈≈....#
#......P#(≈≈#P≈Z..##
#.......#≈≈≈≈≈P...##
#.†.....#≈≈≈≈≈≈Z...#
#...P...#≈≈≈#≈)..###
###..)..#≈≈≈#..).#
###''##≈≈≈##W)##
....#≈≈≈#@...#
#....#≈≈≈#....#
#.?∩!#≈≈≈#.∩..#
#.!..#≈≈≈#....#
######≈≈≈######
#≈≈≈'...# #≈≈≈#.∩∩#
#≈≈≈#...# #########


You could see drock42's ghost and 2 friendly rat skeletons.


Message History

Drock42's ghost closely misses you.
You clumsily bash drock42's ghost but do no damage.
Drock42's ghost is moderately damaged.
Drock42's ghost hits you but does no damage.
Unknown command.
Your rat skeleton bites the plant.
Drock42's ghost barely misses you. You furiously retaliate!
You headbutt drock42's ghost.
You see here an uncursed blowgun.
Okay, then.
There is a large open door here.
You see here a kobold skeleton.
There's something blocking the doorway.
Unknown command.
You feel much better.
You feel very mighty all of a sudden. Drock42's ghost hits you!
* * * LOW HITPOINT WARNING * * *
You strike the helpless drock42's ghost from behind!
You clumsily bash drock42's ghost.
Drock42's ghost is heavily damaged.
Drock42's ghost closely misses you. Drock42's ghost hits you!
* * * LOW HITPOINT WARNING * * *
You barely miss drock42's ghost.
Drock42's ghost is heavily damaged.
Drock42's ghost is no longer blind.
Drock42's ghost hits you.
* * * LOW HITPOINT WARNING * * *
You clumsily bash drock42's ghost.
Drock42's ghost is severely damaged.
Drock42's ghost hits you!
You die...

Action                   |  1- 3 |  4- 6 || total
-------------------------+-------+-------++-------
Melee: Unarmed           |    80 |       ||    80
       Headbutt          |    14 |    18 ||    32
       Short sword       |    25 |       ||    25
       Long sword        |     7 |    24 ||    31
       Fustibalus        |       |    38 ||    38
 Fire: Fustibalus        |       |   101 ||   101
 Cast: Animate Skeleton  |    18 |    20 ||    38
       Pain              |       |    15 ||    15
       Vampiric Draining |       |     3 ||     3
       Control Undead    |       |     1 ||     1
Invok: Sacrifice Artific |     1 |       ||     1
  Use: Potion            |       |     5 ||     5
       Scroll            |       |    14 ||    14
 Stab: Sleeping          |     6 |     1 ||     7
       Distracted        |     1 |       ||     1
       Invisible         |       |     1 ||     1
  Eat: Chunk             |     7 |     2 ||     9
       Royal jelly       |       |     3 ||     3
Armor: Robe              |    25 |    23 ||    48
       Skin              |       |     9 ||     9
Dodge: Dodged            |    96 |    96 ||   192
       Rpst.: Long sword |     2 |     9 ||    11

Vault maps used:
D:1:      erik_arrival_gehennom
D:2:      chequers_temple_overflow_minitemple, minivault_5
D:3:      uniq_jessica
D:4:      lightli_sewer_entry_pipes, grunt_qazlal_clouds
Sewer:    kennysheep_pipe_town

Notes
Turn   | Place    | Note
-------+----------+-------------------------------------------
     0 | D:1      | puppykicker the Minotaur Necromancer began the quest for the Orb.
     0 | D:1      | Reached XP level 1. HP: 14/14 MP: 1/1
    14 | D:1      | Learned a level 1 spell: Animate Skeleton
    97 | D:1      | Reached skill level 3 in Necromancy
   129 | D:1      | Reached skill level 1 in Fighting
   129 | D:1      | Reached XP level 2. HP: 23/23 MP: 3/3
  1016 | D:1      | Reached skill level 2 in Fighting
  1052 | D:1      | HP: 1/24 [kobold/short sword (2)]
  1335 | D:1      | Reached XP level 3. HP: 17/29 MP: 4/4
  1792 | D:1      | Learned a level 3 spell: Vampiric Draining
  2138 | D:2      | Found a shattered altar of Ashenzari.
  2138 | D:2      | Found a shadowy altar of Dithmenos.
  2143 | D:2      | Found a faded altar of an unknown god.
  2145 | D:2      | Found a faded altar of an unknown god.
  2146 | D:2      | Found a deep blue altar of Sif Muna.
  2163 | D:2      | Became a worshipper of Ru the Awakened
  2168 | D:2      | Gained mutation: You cannot study or use magical devices. [Ru sacrifice]
  2168 | D:2      | Reached * piety under Ru
  2168 | D:2      | Reached ** piety under Ru
  2674 | D:2      | Reached skill level 3 in Fighting
  2776 | D:2      | Reached XP level 4. HP: 37/38 MP: 5/5
  3160 | D:3      | Reached XP level 5. HP: 16/45 MP: 6/6
  3409 | D:3      | Noticed Jessica
  3561 | D:3      | Killed Jessica
  3561 | D:3      | Reached skill level 4 in Necromancy
  3810 | D:3      | Reached skill level 2 in Spellcasting
  4221 | D:4      | Found a glowing drain.
  4224 | D:4      | Reached XP level 6. HP: 48/52 MP: 8/8
  4294 | Sewer    | Entered a sewer
  4321 | Sewer    | Reached skill level 1 in Slings
  4323 | Sewer    | Noticed drock42's ghost (amateur OgFi)
  4372 | Sewer    | Learned a level 4 spell: Control Undead
  4419 | Sewer    | Reached skill level 4 in Fighting
  4686 | Sewer    | Slain by drock42's ghost

Vanquished Creatures
  A big kobold (Sewer)
  A scorpion (D:3)
  2 orc wizards (D:3)
  Jessica (D:3)
  3 adders
  5 river rats (D:4)
  2 oozes (D:1)
  2 worms
  3 orcs (D:3)
  10 bats
  A giant cockroach (D:1)
  7 goblins
  5 hobgoblins
  8 jackals
  3 ball pythons
  6 frilled lizards
  14 kobolds
  A leopard gecko skeleton (D:4)
  12 rats
87 creatures vanquished.

Vanquished Creatures (collateral kills)
  2 ball pythons (Sewer)
  A bat (D:1)
  2 hobgoblins (D:1)
  2 kobolds (Sewer)
  A plant (Sewer)
8 creatures vanquished.

Grand Total: 95 creatures vanquished
